 Dungeon Crawl Stone Soup version 0.30-a0-737-gf23d94013f (webtiles) character file.

Game seed: 9375512228501624934

175 jimonade the Sneak (level 5, -8/43 HPs)
             Began as a Gnoll Brigand on Feb 2, 2023.
             Mangled by Crazy Yiuf
             ... wielding a +4 quarterstaff of chaos
              (11 damage)
             ... on level 3 of the Dungeon.
             The game lasted 00:05:22 (2768 turns).

jimonade the Sneak (Gnoll Brigand)                  Turns: 2768, Time: 00:05:23

Health: -8/43      AC:  4    Str: 11    XL:     5   Next: 55%
Magic:  7/7        EV: 17    Int: 10    God:
Gold:   118        SH:  0    Dex: 15    Spells: 7/7 levels left

rFire   . . .      SeeInvis .    a - +2 dagger
rCold   . . .      Faith    .    (no shield)
rNeg    . . .      Spirit   .    p - +0 leather armour
rPois   .          Reflect  .    (no helmet)
rElec   .          Harm     .    c - +0 cloak
rCorr   .          Rampage  .    (no gloves)
Will    .....                    (no boots)
Stlth   ++++                     j - amulet of magic regeneration
HPRegen 0.27/turn                (no ring)
MPRegen 0.50/turn                (no ring)

@: agile, lethally poisoned (-8 -> -13)
A: fangs 1, strong nose, distributed training
a: no special abilities


You were on level 3 of the Dungeon.
You visited 1 branch of the dungeon, and saw 3 of its levels.

You collected 118 gold pieces.

Inventory:

Hand Weapons
 a - a +2 dagger (weapon)
 u - a +0 quarterstaff
Missiles
 d - 14 poisoned darts (quivered)
 e - 3 curare-tipped darts
 t - 4 boomerangs
 v - 7 javelins
Armour
 b - a +0 robe
 c - a +0 cloak (worn)
 p - a +0 leather armour (worn)
Magical Staves
 o - a staff of poison
 s - a staff of death
Jewellery
 j - an amulet of magic regeneration (around neck)
 w - a +5 ring of evasion
Wands
 y - a wand of roots (13)
Scrolls
 h - 3 scrolls of identify {unknown}
 i - a scroll of fear {unknown}
 k - 3 scrolls of immolation {unknown}
 l - 2 scrolls of magic mapping {unknown}
 m - 2 scrolls of noise {unknown}
 n - 2 scrolls of teleportation {unknown}
 q - a scroll of enchant armour {unknown}
 r - 2 scrolls of enchant weapon {unknown}
 x - a scroll of blinking {unknown}
 A - a scroll of fog {unknown}
Potions
 f - a potion of ambrosia {unknown}
 g - 2 potions of attraction {unknown}
 z - a potion of might {unknown}


   Skills:
 + Level 4.8 Fighting
 + Level 4.8 Short Blades
 + Level 1.6 Long Blades
 + Level 1.6 Axes
 + Level 1.6 Maces & Flails
 + Level 1.6 Polearms
 + Level 1.6 Staves
 + Level 1.6 Ranged Weapons
 + Level 4.8 Throwing
 + Level 1.6 Armour
 + Level 3.0 Dodging
 + Level 7.9 Stealth
 + Level 1.6 Shields
 + Level 1.6 Unarmed Combat
 + Level 1.6 Spellcasting
 + Level 1.3 Conjurations
 + Level 1.3 Hexes
 + Level 1.3 Summonings
 + Level 1.3 Necromancy
 + Level 1.3 Translocations
 + Level 1.3 Transmutations
 + Level 1.3 Fire Magic
 + Level 1.3 Ice Magic
 + Level 1.3 Air Magic
 + Level 1.3 Earth Magic
 + Level 1.3 Poison Magic
 + Level 1.8 Invocations
 + Level 1.6 Evocations


You had 7 spell levels left.
You didn't know any spells.
Your spell library was empty.

Dungeon Overview and Level Annotations

Branches:
Dungeon (3/15)

Altars:

Shops:
D:3 [*

Annotations:
D:3 Crazy Yiuf


Innate Abilities, Weirdness & Mutations

You have very sharp teeth.
Your uncanny sense of smell can sniff out nearby items.
Your experience applies equally to all skills.


Message History

You hit Crazy Yiuf but do no damage.
Crazy Yiuf is heavily wounded.
You hit Crazy Yiuf.
Crazy Yiuf is heavily wounded.
Crazy Yiuf closely misses you.
You hit Crazy Yiuf but do no damage.
Crazy Yiuf is heavily wounded.
Crazy Yiuf closely misses you.
You hit Crazy Yiuf.
Crazy Yiuf is severely wounded.
Crazy Yiuf barely misses you.
You hit Crazy Yiuf.
Crazy Yiuf is almost dead.
You hit Crazy Yiuf. You bite Crazy Yiuf.
Crazy Yiuf is almost dead.
Crazy Yiuf hits you with a +4 quarterstaff of chaos!
You barely miss Crazy Yiuf.
Crazy Yiuf is almost dead.
Crazy Yiuf hits you with a +4 quarterstaff of chaos!
You are poisoned.
You barely miss Crazy Yiuf.
Crazy Yiuf is almost dead.
You feel very sick.
Crazy Yiuf says, "Hah!
Pitchfork leg sallow."
Crazy Yiuf closely misses you.
You closely miss Crazy Yiuf.
Crazy Yiuf is almost dead.
You feel sick.
You barely miss Crazy Yiuf. You bite Crazy Yiuf, but do no damage.
Crazy Yiuf is almost dead.
You feel sick.
Crazy Yiuf sings, "Trees, trees, trees, circus!"
Crazy Yiuf closely misses you.
You barely miss Crazy Yiuf.
Crazy Yiuf is almost dead.
You feel sick.
Crazy Yiuf hits you with a +4 quarterstaff of chaos!
* * * LOW HITPOINT WARNING * * *
You are electrocuted!
You die...

#......#....##..#
#.......#
................#
#.).....#
..#....#...######
###.....#
..######...#
#.....# ..# ###.#
#####
#.....###### ..#
#.# #)..#
######....## ..#
#.# #...#
#.........#8 #.#
#.# #.g.#
######....'. #.#
#.# #@# ######8
#.##### #.# ♣.♣♣
## ..#...# #.#
♣♣.♣ ##### #
..#...# #.# ♣.♣♣
#...# ..#...# #.#
♣♣.♣ #...#
..#...####.#
♣♣.♣♣ #...#
...........#
♣♣...♣ #...#
.##...######
♣....♣ #..∩#
###......[.#
#....# #...# ##


You could see Crazy Yiuf.

Vanquished Creatures
  Terence (D:3)
  Natasha (twice) (D:2)
  3 adders (D:2)
  A worm (D:3)
  2 dart slugs (D:1)
  8 ball pythons
  4 bats
  11 endoplasms
  3 giant cockroaches
  8 goblins
  4 hobgoblins
  2 quokkas
  4 frilled lizards
  7 kobolds
  4 rats
64 creatures vanquished.

Vanquished Creatures (others)
  6 withered plants (D:3)
6 creatures vanquished.

Grand Total: 70 creatures vanquished

Notes
Turn   | Place    | Note
-------+----------+-------------------------------------------
     0 | D:1      | jimonade the Gnoll Brigand began the quest for the Orb.
     0 | D:1      | Reached XP level 1. HP: 20/20 MP: 1/1
    51 | D:1      | Reached XP level 2. HP: 26/26 MP: 2/2
   355 | D:1      | Reached XP level 3. HP: 31/31 MP: 3/3
   669 | D:1      | Reached skill level 1 in Invocations
   970 | D:2      | Reached skill level 1 in Long Blades
   970 | D:2      | Reached skill level 1 in Axes
   970 | D:2      | Reached skill level 1 in Maces & Flails
   970 | D:2      | Reached skill level 1 in Polearms
   970 | D:2      | Reached skill level 1 in Staves
   970 | D:2      | Reached skill level 1 in Ranged Weapons
   970 | D:2      | Reached skill level 1 in Armour
   970 | D:2      | Reached skill level 1 in Shields
   970 | D:2      | Reached skill level 1 in Unarmed Combat
   970 | D:2      | Reached skill level 1 in Spellcasting
   970 | D:2      | Reached skill level 1 in Evocations
  1010 | D:2      | Reached XP level 4. HP: 36/38 MP: 5/5
  1189 | D:2      | Reached skill level 1 in Conjurations
  1189 | D:2      | Reached skill level 1 in Hexes
  1189 | D:2      | Reached skill level 1 in Summonings
  1189 | D:2      | Reached skill level 1 in Necromancy
  1189 | D:2      | Reached skill level 1 in Translocations
  1189 | D:2      | Reached skill level 1 in Transmutations
  1189 | D:2      | Reached skill level 1 in Fire Magic
  1189 | D:2      | Reached skill level 1 in Ice Magic
  1189 | D:2      | Reached skill level 1 in Air Magic
  1189 | D:2      | Reached skill level 1 in Earth Magic
  1189 | D:2      | Reached skill level 1 in Poison Magic
  1345 | D:2      | Noticed Natasha
  1351 | D:2      | Killed Natasha
  1742 | D:2      | Noticed Natasha
  1754 | D:2      | Killed Natasha
  1755 | D:2      | Reached XP level 5. HP: 36/43 MP: 7/7
  1895 | D:3      | Found Zibinonia's Antique Armour Boutique.
  1981 | D:3      | Noticed Terence
  2012 | D:3      | Killed Terence
  2298 | D:3      | Found a runed translucent door.
  2299 | D:3      | Noticed Crazy Yiuf
  2311 | D:3      | Found Kacvun's Assorted Antiques.
  2572 | D:3      | Found a faded altar of an unknown god.
  2768 | D:3      | Mangled by Crazy Yiuf

Illustrated notes

Levels and vault maps discovered:
D:1:      dpeg_arrival_rooms_with_view, layout_basic, minmay_misc_feat_tiny
D:2:      layout_loops_ring, minmay_hexomino_c4, uniq_natasha
D:3:      layout_basic, serial_shops, shop, shop,
          ebering_ecumenical_altar_petrified, dk_noncrumbling_4,
          uniq_crazy_yiuf_cottage, uniq_terence

Skill      XL: |  1  2  3  4  5 |
---------------+----------------+-----
Invocations    | 1 |  1.8
Long Blades    | 1 |  1.6
Axes           | 1 |  1.6
Maces & Flails | 1 |  1.6
Polearms       | 1 |  1.6
Staves         | 1 |  1.6
Ranged Weapons | 1 |  1.6
Armour         | 1 |  1.6
Shields        | 1 |  1.6
Unarmed Combat | 1 |  1.6
Spellcasting   | 1 |  1.6
Evocations     | 1 |  1.6
Conjurations   | 1 |  1.3
Hexes          | 1 |  1.3
Summonings     | 1 |  1.3
Necromancy     | 1 |  1.3
Translocations | 1 |  1.3
Transmutations | 1 |  1.3
Fire Magic     | 1 |  1.3
Ice Magic      | 1 |  1.3
Air Magic      | 1 |  1.3
Earth Magic    | 1 |  1.3
Poison Magic   | 1 |  1.3
Dodging        | 3 |  3.0
Fighting       | |  4.8
Short Blades   | |  4.8
Throwing       | |  4.8
Stealth        | |  7.9

Action                     |  1- 3 |  4- 6 || total
---------------------------+-------+-------++-------
  Melee: Dagger            |    82 |   133 ||   215
         Bite              |     7 |     8 ||    15
         Punch             |       |     3 ||     3
  Throw: Dart              |     8 |       ||     8
   Stab: Sleeping          |    13 |    11 ||    24
 Armour: Robe              |     7 |       ||     7
         Leather armour    |     6 |    21 ||    27
  Dodge: Dodged            |    26 |    37 ||    63

Table legend: (Time is in decaauts)
 A = Elapsed time spent in this place.
 B = Non-inter-level travel time spent in this place.
 C = Inter-level travel time spent in this place.
 D = Time resting spent in this place.
 E = Time spent auto-exploring this place.
 F = Levels seen in this place.
 G = Mean time per level.
                   A        B        C        D        E       F      G
               +--------+--------+--------+--------+--------+-----+--------+
         Total |   2716 |   2586 |    130 |      0 |   2046 |   3 |  905.3 |
       Dungeon |   2716 |   2586 |    130 |      0 |   2046 |   3 |  905.3 |
               +--------+--------+--------+--------+--------+-----+--------+

Top non-repeatable levels by time:
     D:3: 944 daAuts
     D:1: 940 daAuts
     D:2: 832 daAuts
